Map: Hecate LE

Players

NightMare - Winner!

  • Race: Protoss Protoss
  • League: Master
  • Spawn Location: 7:00

Coffeeame (Coffee)

  • Race: Terran Terran
  • League: Master
  • Spawn Location: 1:00

VOD

Have the link to the VOD?

Description

Time

  • Played on: Dec. 11, 2023, 3:29 a.m.
  • Length: 10:28
Show
View Real Time Build Order
Export as new Build Order

NightMare Protoss - Winner!

Build Orders: 1 Gate Expand, Blink Stalkers 

Get SALT Encoding   

  12  0:00  Probe  
  13  0:12  Probe  
  14  0:18  Pylon  
  14  0:24  Probe (Chrono Boost)  
  15  0:36  Probe (Chrono Boost)  
  15  0:37  Gateway  
  16  0:45  Probe (Chrono Boost)  
  16  0:46  Assimilator  
  17  0:51  Probe  
  18  1:03  Probe  
  19  1:15  Probe  
  20  1:24  Cybernetics Core  
  20  1:29  Probe  
  21  1:35  Nexus  
  21  1:42  Pylon  
  21  1:45  Probe  
  22  1:52  Assimilator  
  22  1:57  Probe  
  22  2:00  Adept (Chrono Boost)  
  24  2:10  Probe  
  25  2:15  Twilight Council  
  25  2:19  Warp Gate  
  25  2:22  Probe  
  26  2:23  Adept (Chrono Boost)  
  28  2:34  Probe  
  29  2:42  Gateway  
  29  2:46  Adept  
  29  2:51  Blink (Chrono Boost), Probe  
  32  3:01  Probe  
  32  3:03  Probe  
  34  3:14  Probe  
  34  3:15  Probe  
  34  3:17  Robotics Facility  
  36  3:25  Pylon  
  36  3:27  Probe x2  
  38  3:39  Gateway, Probe x2  
  40  3:45  Shield Battery  
  40  3:47  Gateway  
  40  3:52  Probe x2  
  42  4:04  Probe x2  
  42  4:05  Pylon  
  42  4:09  Stalker x2  
  48  4:16  Probe x2  
  43  4:26  Warp Prism  
  43  4:28  Probe x2  
  47  4:34  Stalker x2  
  51  4:41  Stalker  
  51  4:42  Stalker  
  55  4:48  Probe x2  
  57  4:56  Assimilator  
  57  4:58  Pylon  
  57  5:00  Probe x2  
  57  5:01  Stalker  
  61  5:12  Probe  
  61  5:14  Assimilator, Templar Archives  
  62  5:16  Probe  
  62  5:19  Stalker  
  65  5:24  Pylon  
  65  5:31  Psionic Storm  
  65  5:45  Nexus  
  65  5:46  Pylon  
  65  5:49  Gateway  
  65  5:51  Gateway  
  65  5:53  High Templar  
  67  5:58  Gateway  
  67  5:59  Charge (Chrono Boost)  
  67  6:00  Probe x2  
  69  6:10  Zealot x2  
  73  6:23  High Templar  
  75  6:26  Probe x2  
  75  6:27  Pylon  
  75  6:29  Pylon  
  77  6:35  Zealot x2, High Templar  
  81  6:51  Zealot x2  
  81  6:53  Zealot, Shield Battery  
  87  6:58  Zealot x3  
  92  7:14  Probe x3  
  93  7:15  Zealot x4  
  93  7:21  High Templar x2  
  105  7:22  High Templar  
  105  7:24  Pylon  
  105  7:29  Probe x3  
  111  7:32  Forge, Observer  
  111  7:35  Pylon  
  111  7:36  Pylon  
  111  7:40  High Templar  
  111  7:42  Zealot x2  
  97  7:55  Zealot x4  
  99  7:58  Probe  
  99  7:59  Probe  
  99  8:02  Stalker  
  99  8:05  Stalker  
  105  8:12  Probe x3  
  107  8:14  Protoss Ground Weapons Level 1 (Chrono Boost)  
  107  8:17  Photon Cannon  
  107  8:18  Observer  
  108  8:23  Photon Cannon  
  108  8:26  Photon Cannon  
  108  8:27  Probe  
  107  8:42  Probe  
  107  8:43  Probe x2  
  107  8:47  Stalker x3  
  116  8:59  Zealot x2  
  116  9:00  Zealot x2  
  124  9:05  Pylon  
  125  9:10  Robotics Bay  
  125  9:11  Observer (Chrono Boost)  
  125  9:14  Zealot  
  125  9:15  Zealot x2  
  131  9:22  Zealot x2  
  135  9:29  Zealot x2  
  124  9:31  Probe x2  
  124  9:32  Probe  
  121  9:43  Probe  
  121  9:44  Probe x2  
  121  9:45  Zealot x4  
  116  9:50  Zealot  
  114  9:56  Probe x2  
  114  9:59  Archon  
  110  10:03  Zealot x2  
  106  10:10  Zealot x3  
  106  10:11  Zealot x2  
Show
View Real Time Build Order
Export as new Build Order

Coffeeame Terran 

Build Orders: 1/1/1, Liberator Opening 

Get SALT Encoding   

  12  0:00  SCV  
  13  0:12  SCV  
  14  0:17  Supply Depot  
  14  0:24  SCV  
  15  0:38  SCV  
  15  0:40  Barracks  
  16  0:43  Refinery  
  16  0:50  SCV  
  16  0:53  Refinery  
  17  1:02  SCV  
  18  1:14  SCV  
  19  1:22  Supply Depot  
  19  1:27  Orbital Command, Reaper  
  20  1:42  Factory  
  20  1:53  SCV  
  21  2:00  Barracks Reactor  
  21  2:05  SCV  
  22  2:16  Command Center  
  22  2:19  SCV  
  23  2:27  Starport  
  23  2:34  Widow Mine  
  23  2:36  SCV  
  26  2:39  Marine x2  
  28  2:45  Supply Depot  
  28  2:48  SCV  
  29  2:58  Marine x2  
  29  2:59  Factory Tech Lab  
  29  3:02  SCV  
  31  3:06  Medivac  
  33  3:14  SCV  
  33  3:16  Marine x2  
  33  3:18  Widow Mine  
  38  3:29  Orbital Command  
  38  3:31  SCV  
  39  3:35  Marine x2  
  39  3:41  Siege Tank  
  44  3:45  Orbital Command  
  44  3:47  SCV  
  45  3:52  Liberator  
  48  3:59  Supply Depot  
  48  4:00  SCV  
  49  4:08  Marine x2  
  49  4:22  SCV  
  50  4:24  Siege Tank  
  50  4:25  Marine x2  
  50  4:27  Supply Depot, SCV  
  55  4:37  Liberator  
  55  4:38  Bunker  
  58  4:45  SCV x2  
  60  4:49  Marine  
  60  4:50  Marine, Barracks  
  62  4:55  Supply Depot  
  62  4:59  SCV x2  
  62  5:01  Siege Tank  
  62  5:06  Refinery  
  65  5:12  Marine x2  
  67  5:18  Supply Depot, SCV x2  
  67  5:20  Engineering Bay  
  69  5:22  Starport Tech Lab  
  69  5:34  Marine  
  69  5:35  Marine  
  71  5:40  SCV  
  71  5:41  SCV  
  71  5:43  Supply Depot  
  71  5:50  Terran Infantry Weapons Level 1  
  71  5:52  Supply Depot  
  71  5:53  SCV x2, Missile Turret, Barracks  
  71  5:54  Marine  
  71  5:55  Marine  
  75  6:04  Stimpack  
  75  6:05  Starport Reactor  
  75  6:09  Factory Reactor  
  74  6:13  Missile Turret  
  74  6:15  Marine x2  
  74  6:16  SCV  
  72  6:27  Marauder  
  72  6:28  SCV x2  
  76  6:33  Marine x2  
  75  6:40  SCV x2  
  75  6:41  Marauder  
  75  6:43  Combat Shield  
  79  6:47  Marine  
  79  6:51  Marine  
  79  6:53  Supply Depot  
  81  7:06  Marauder  
  81  7:08  Widow Mine x2  
  87  7:12  SCV x2  
  87  7:13  Medivac x2  
  87  7:14  Marine x2, Marauder  
  90  7:17  Refinery  
  90  7:23  Command Center  
  90  7:28  Armory  
  90  7:32  Widow Mine x2  
  90  7:35  SCV x2  
  96  7:41  Marine  
  96  7:42  Marine, Marauder x2  
  102  7:47  SCV  
  78  7:58  SCV  
  78  7:59  SCV  
  78  8:04  Marine x2, Marauder x2  
  82  8:10  SCV  
  82  8:11  SCV  
  82  8:12  Widow Mine x2  
  88  8:17  Barracks  
  88  8:18  Barracks  
  88  8:19  Terran Infantry Armor Level 1  
  85  8:22  SCV  
  85  8:23  SCV, Marine  
  85  8:24  Marine  
  89  8:33  Widow Mine x2  
  93  8:38  Medivac x2  
  97  8:41  SCV x2  
  97  8:45  Marine x2  
  97  8:47  Marauder x2  
  105  8:55  SCV x2  
  105  8:56  Ghost Academy  
  105  8:57  Widow Mine x2  
  109  9:02  Marine x2  
  109  9:07  SCV x2  
  113  9:13  Orbital Command  
  113  9:15  Medivac x2  
  113  9:16  Marauder x2  
  121  9:18  Barracks Tech Lab  
  121  9:19  Barracks Reactor  
  122  9:24  SCV  
  122  9:28  Marine x2  
  122  9:30  Widow Mine  
  124  9:31  Widow Mine  
  124  9:32  SCV  
  124  9:35  Missile Turret  
  124  9:36  SCV  
  112  9:42  Marauder x3  
  102  9:46  Marine x2  
  102  9:51  Orbital Command  
  78  10:03  Marauder  
  78  10:04  Marauder x2  
  78  10:05  SCV, Widow Mine  
Tags
 
Add a new tag
Caveats
  • Supply blocks, unpowered buildings, or Contaminate may cause inaccurate times.
  • Supply counts are checked every 10 seconds.